 Dungeon Crawl Stone Soup version 0.29.1-12-g30fa7ad0bf (webtiles) character file.

Game seed: 7962950968279959504

68756 Lutefisk the Lord of Darkness (level 15, 0/120 HPs)
             Began as a Human Necromancer on Dec 27, 2022.
             Was the Champion of Kikubaaqudgha.
             Shot with an arrow by a satyr (37 damage)
             ... on level 2 of the Shoals.
             The game lasted 01:35:52 (9074 turns).

Lutefisk the Lord of Darkness (Human Necromancer)   Turns: 9074, Time: 01:35:52

Health: 0/120      AC: 17    Str:  9    XL:     15   Next: 71%
Magic:  19/24      EV: 22    Int: 23    God:    Kikubaaqudgha [******]
Gold:   1149       SH:  8    Dex: 19    Spells: 9/26 levels left

rFire   + . .      SeeInvis .   u - +4 whip (venom)
rCold   . . .      Faith    .   s - +3 buckler of Chill Winds {rPois rF+}
rNeg    . . .      Spirit   .   R - +0 acid dragon scales
rPois   +          Reflect  .   f - +2 helmet of Fiarch {Regen+ Int+4 Dex+2}
rElec   .          Harm     .   C - +2 cloak
rCorr   +          Rampage  .   v - +0 pair of gloves
Will    .....                   (no boots)
Stlth   +.........              k - amulet of magic regeneration
HPRegen 1.10/turn               h - +4 ring of evasion
MPRegen 0.59/turn               V - ring of flight

@: lit by a corona, weak-willed, afraid, flying, glowing
A: no striking features
a: Renounce Religion, Unearth Wretches, Torment, Brand Weapon With Pain, Receive
Forbidden Knowledge


You were on level 2 of the Shoals.
You worshipped Kikubaaqudgha.
Kikubaaqudgha was exalted by your worship.
You visited 3 branches of the dungeon, and saw 18 of its levels.
You also visited: Gauntlet.

You collected 1149 gold pieces.

Inventory:

Hand Weapons
 u - a +4 whip of venom (weapon)
 A - a +6 short sword of protection
 K - the +6 morningstar "Hifimovu" {chaos, *Rage rElec Str+3}
   (You took it off an orc on level 8 of the Dungeon)

   Each time it hits an enemy it has a different, random effect.
   Str:       It affects your strength (+3).
   rElec:     It insulates you from electricity.
   *Rage:     It berserks you when you make melee attacks (+20% chance).
 Z - the +3 shortbow of Arbitration {venom, rF++ Int-3 SInv Stlth+}
   (You found it on level 4 of the Lair of Beasts)

   Any ammunition fired from it poisons the flesh of those it strikes.
   Int:       It affects your intelligence (-3).
   rF:        It greatly protects you from fire.
   SInv:      It lets you see invisible.
   Stlth:     It makes you more stealthy.
Missiles
 n - 22 poisoned darts (quivered)
 Q - a throwing net
Armour
 f - the +2 helmet of Fiarch (worn) {Regen+ Int+4 Dex+2}
   (You acquired it on level 10 of the Dungeon)

   Int:       It affects your intelligence (+4).
   Dex:       It affects your dexterity (+2).
   Regen:     It increases your rate of health regeneration.
 s - the +3 buckler of Chill Winds (worn) {rPois rF+}
   (You acquired it on level 2 of the Shoals)

   rF:        It protects you from fire.
   rPois:     It protects you from poison.
 v - a +0 pair of gloves (worn)
 C - a +2 cloak (worn)
 R - +0 acid dragon scales (worn)
Magical Staves
 w - a staff of air
Jewellery
 h - a +4 ring of evasion (left hand)
 k - an amulet of magic regeneration (around neck)
 r - an amulet of reflection
 z - a ring of wizardry
 F - a +6 ring of dexterity
 L - a ring of protection from fire
 P - a +6 ring of dexterity
 V - a ring of flight (right hand)
 X - a ring of positive energy
Wands
 e - a wand of flame (13)
 o - a wand of quicksilver (6)
 p - a wand of digging (6)
 N - a wand of charming (19)
 O - a wand of mindburst (6)
 U - a wand of roots (9)
Scrolls
 d - 3 scrolls of enchant armour
 i - 9 scrolls of vulnerability
 j - 2 scrolls of fear {unknown}
 q - 6 scrolls of amnesia
 t - a scroll of silence {unknown}
 x - 4 scrolls of poison
 y - 2 scrolls of immolation
 D - 2 scrolls of blinking {unknown}
 E - 3 scrolls of brand weapon
 I - 3 scrolls of enchant weapon {unknown}
 M - a scroll of summoning {unknown}
Potions
 a - 4 potions of attraction
 b - 3 potions of magic
 c - a potion of cancellation {unknown}
 g - 2 potions of mutation
 l - 9 potions of curing
 m - 3 potions of brilliance
 B - 2 potions of heal wounds {unknown}
 G - 2 potions of ambrosia
 J - a potion of berserk rage {unknown}
 S - a potion of flight {unknown}
 T - a potion of lignification {unknown}
 W - a potion of invisibility {unknown}
 Y - a potion of resistance
Miscellaneous
 H - a phial of floods


   Skills:
 - Level 12.0 Fighting
 - Level 1.0 Throwing
 - Level 12.0 Armour
 - Level 12.0 Dodging
 - Level 4.0 Stealth
 * Level 1.6 Shields
 - Level 6.0 Spellcasting
 * Level 13.1 Necromancy
 - Level 2.0 Earth Magic
 - Level 10.0 Evocations


You had 9 spell levels left.
You knew the following spells:

 Your Spells              Type           Power      Damage    Failure   Level
a - Necrotise             Necr           100%       1d9       1%          1
b - Vampiric Draining     Necr           61%        2d10      1%          3
c - Animate Dead          Necr           61%        N/A       1%          4
d - Dispel Undead         Necr           61%        3d21      1%          4
e - Borgnjor's Vile Clut  Necr/Erth      20%        N/A       22%         5

Your spell library contained the following spells:

 Spells                   Type           Power      Damage    Failure   Level
 Sublimation of Blood     Necr           61%        N/A       1%          2
 Agony                    Necr           61%        N/A       2%          5
 Death Channel            Necr           30%        N/A       12%         6
 Foxfire                  Conj/Fire      24%        2x1d5     17%         1
 Corpse Rot               Necr/Pois/Air  27%        N/A       28%         4
 Conjure Flame            Conj/Fire      6%         6-21      45%         3
 Dazzling Flash           Conj/Hex       12%        N/A       45%         3
 Ignite Poison            Fire/Tmut/Pois 6%         N/A       45%         3
 Inner Flame              Hex/Fire       6%         N/A       45%         3
 Petrify                  Tmut/Erth      11%        N/A       73%         4
 Cause Fear               Hex            3%         N/A       86%         4
 Flame Wave               Conj/Fire      6%         2d5       86%         4
 Sticky Flame             Conj/Fire      6%         2d3       86%         4
 Fireball                 Conj/Fire      3%         3d4       99%         5
 Irradiate                Conj/Tmut      3%         3d12      99%         5
 Silence                  Hex/Air        3%         N/A       99%         5
 Starburst                Conj/Fire      3%         6d3       100%        6
 Discord                  Hex            3%         N/A       100%        8
 Ignition                 Fire           3%         3d4       100%        8


Dungeon Overview and Level Annotations

Branches:
Dungeon (11/15)              Lair (5/5) D:10         Shoals (2/4) Lair:2
  Snake (0/4) Lair:2        Slime (0/5) Lair:4      Gauntlet (visited)
 Temple: D:4-7          Orc: D:9-12

Altars:
Ashenzari
Dithmenos
Gozag
Hepliaklqana
Kikubaaqudgha
Wu Jian
Yredelemnul
Jiyva

Shops:
D:2 :   D:6 [

Annotations:
D:2 Robin
D:5 3 runed translucent doors, SirLogeyBear's ghost, novice HOBe
D:9 Erolcha


Message History

Unknown command.
The faun shoots a sling bullet.
The sling bullet hits you.
The faun shoots a sling bullet.
The sling bullet hits you.
The faun shoots a sling bullet.
The sling bullet hits you.
Unknown command.
The sea snake completely misses you.
Your merfolk zombie misses the faun.
The faun shoots a sling bullet.
The sling bullet completely misses you.
Your merfolk zombie barely misses the faun.
The sea snake closely misses you.
The faun unwields a +0 sling.
The faun wields a +0 club.
The faun closely misses you.
Casting: Vampiric Draining (safe; 1% risk of failure)
Confirm with . or Enter, or press ? or * to list all spells.
Aiming: Vampiric Draining (safe; 1% risk of failure)
Press: ? - help, Shift-Dir - straight line, f - faun
Aim: a faun, wielding a +0 sling (strong)
Okay, then.
Unknown command.
Casting: Vampiric Draining (safe; 1% risk of failure)
Confirm with . or Enter, or press ? or * to list all spells.
Aiming: Vampiric Draining (safe; 1% risk of failure)
Press: ? - help, Shift-Dir - straight line, f - sea snake
Aim: a sea snake You draw life force from the sea snake.
You feel life coursing into your body.
The faun shoots a sling bullet.
The sling bullet closely misses you.
Your merfolk zombie barely misses the faun.
The sea snake misses you.
Casting: Vampiric Draining (safe; 1% risk of failure)
Confirm with . or Enter, or press ? or * to list all spells.
Aiming: Vampiric Draining (safe; 1% risk of failure)
Press: ? - help, Shift-Dir - straight line, f/p - sea snake
Aim: a sea snake (lightly wounded)
You draw life force from the sea snake!
You feel life coursing into your body. The faun hits you with a +0 club!
The faun shoots a sling bullet.
The sling bullet misses you.
The faun unwields a +0 sling.
The faun wields a +0 quarterstaff.
The faun hits you with a +0 quarterstaff!!
The sea snake bites you!
The satyr unwields a +0 club.
The satyr wields a +0 longbow.
The satyr shoots an arrow.
The arrow hits you!!!
You die...
Kikubaaqudgha rasps: "You have failed me!
Welcome... death!"

.~~~~≈≈≈≈≈≈≈≈≈≈
.~~~~~≈≈≈≈≈≈≈≈≈≈≈≈≈≈≈≈≈~
..~~~~~~≈≈≈≈≈≈≈~~~≈≈≈≈≈~
....~~~~≈≈≈≈≈≈~~~~~~~≈≈~
####.~~~~≈≈≈~~~~~~~~~~~~
####.~~~~~≈≈~~~~~~~~..~.
.....~~~~≈≈≈Z~Zcc....~..
...~~~~~~≈≈~~~cc~c....#
#...~~~~≈≈≈~....@S...#
##.~~~~≈≈≈~~##.~~~...#
..~~~~≈≈≈≈~...~~~~...#
.~~~~~~≈≈≈~~~~~~~~~..#
#....P~≈≈≈~~~~~~~~...#
##.###PP~≈≈~~~~~~~~..#
..## #PP~≈≈≈≈≈≈~~~~~~#
Z..##..~~≈≈≈≈≈≈~~~~~~.
~~....PPP≈≈≈≈≈≈≈


You could see a satyr (scary), a sea snake, 4 fauns and 2 friendly merfolk
zombies.

Vanquished Creatures
  A kraken (Shoals:1)
  Gastronok (Lair:1)
  2 merfolk impalers (Shoals:1)
  2 hydras
  Fannar (Lair:2)
  3 catoblepae
  A satyr (Shoals:1)
  4 death yaks (Lair:5)
  A sea snake (Shoals:1)
  A lindwurm (Lair:5)
  11 harpies
  3 fauns (Shoals:1)
  2 manticores
  4 elephants (Lair:5)
  Maurice (D:10)
  6 black mambas
  2 rime drakes
  3 cane toads
  2 kobold demonologists
  5 komodo dragons
  5 merfolk
  7 polar bears (Lair:5)
  7 blink frogs
  4 dream sheep
  3 raiju (Lair:5)
  A wind drake (Shoals:1)
  5 snapping turtles
  A vampire (D:9)
  4 wyverns
  11 yaks
  5 wraiths (Lair:3)
  A steam dragon (D:7)
  Menkaure (D:5)
  2 acid dragons
  11 hell hounds (Lair:5)
  7 water moccasins
  A sky beast (D:8)
  2 ice beasts
  2 orc warriors (D:9)
  7 black bears
  2 ogres
  10 wolves
  2 phantoms
  6 bullfrogs
  3 kobold brigands
  A gnoll sergeant (D:6)
  A scorpion (D:6)
  2 necrophages (D:5)
  9 wights
  11 killer bees
  4 howler monkeys
  An electric eel (Lair:2)
  A hound (D:5)
  A jelly (D:5)
  3 gnoll boudas
  5 orc priests
  3 iguanas
  5 orc wizards
  Ijyb (D:3)
  7 adders
  17 gnolls
  A shadow imp (D:8)
  4 white imps (D:5)
  2 ufetubi
  An orc zombie (D:10)
  A worm (D:9)
  5 dart slugs
  22 orcs
  5 bats
  7 endoplasms
  5 giant cockroaches
  9 goblins
  9 hobgoblins
  2 jackals (D:5)
  6 quokkas
  3 ball pythons
  3 frilled lizards
  14 kobolds
  2 rats
  2 tentacles (Shoals:1)
341 creatures vanquished.

Vanquished Creatures (collateral kills)
  Josephine (Lair:3)
  5 hydras
  A catoblepas (Lair:5)
  An alligator snapping turtle (Shoals:2)
  2 death yaks (Lair:5)
  A sea snake (Shoals:1)
  A cyclops (Shoals:1)
  7 harpies
  2 manticores
  3 elephants (Lair:5)
  8 fauns (Shoals:1)
  A water nymph (Shoals:1)
  2 cane toads
  2 rime drakes (Lair:5)
  4 komodo dragons
  4 polar bears
  5 merfolk
  A wind drake (Shoals:2)
  2 snapping turtles (Shoals:2)
  3 blink frogs
  7 dream sheep
  2 water elementals (Shoals:1)
  16 yaks
  A wyvern (Lair:4)
  2 basilisks (Lair:5)
  4 wargs (Lair:5)
  7 water moccasins
  3 hell hounds (Lair:5)
  7 black bears (Lair:5)
  14 wolves
  Blork the orc (D:6)
  3 bullfrogs
  2 killer bees (D:9)
  2 jellies (Lair:4)
  2 dart slugs (D:3)
  3 orcs
  A bat (D:3)
  3 endoplasms (Lair:4)
  A goblin (D:2)
  A hobgoblin (D:1)
  A ball python (D:1)
139 creatures vanquished.

Vanquished Creatures (others)
  A kraken zombie (Shoals:1)
  A death yak zombie (Lair:5)
  A sea snake zombie (Shoals:1)
  9 harpy zombies
  A dream sheep (Lair:5)
  A black mamba zombie (Lair:5)
  5 merfolk zombies (Shoals:1)
  3 faun zombies (Shoals:1)
  A water nymph zombie (Shoals:1)
  4 dream sheep zombies
  An elephant zombie (Lair:5)
  3 blink frog zombies (Lair:5)
  A komodo dragon zombie (Lair:4)
  A bullfrog (Lair:5)
  4 hell hound zombies (Lair:5)
  2 water moccasin zombies (Lair:5)
  2 wyvern zombies
  A warg zombie (Lair:5)
  4 yak zombies
  9 polar bear zombies (Lair:5)
  3 wolf zombies (Lair:5)
  2 bullfrog zombies
  6 black bear zombies (Lair:5)
  A killer bee zombie (D:9)
  6 gnoll zombies
  A quokka (D:9)
  3 kobold zombies (D:9)
  7 orc zombies
  22 fungi
  74 plants
  11 tentacles (Shoals:1)
191 creatures vanquished.

Grand Total: 671 creatures vanquished

Notes
Turn   | Place    | Note
-------+----------+-------------------------------------------
     0 | D:1      | Lutefisk the Human Necromancer began the quest for the Orb.
     0 | D:1      | Reached XP level 1. HP: 13/13 MP: 3/3
    80 | D:1      | Reached skill level 1 in Fighting
   122 | D:1      | Reached XP level 2. HP: 21/21 MP: 0/5
   168 | D:1      | Found a faded altar of an unknown god.
   329 | D:1      | Reached XP level 3. HP: 28/28 MP: 2/6
   445 | D:2      | Noticed Robin
   536 | D:2      | Learned a level 3 spell: Vampiric Draining
   620 | D:2      | Found an ancient bone altar of Kikubaaqudgha.
   628 | D:2      | Became a worshipper of Kikubaaqudgha
   693 | D:2      | Found Karghyste's Book Shop.
   742 | D:2      | Reached XP level 4. HP: 31/35 MP: 5/7
   966 | D:3      | Noticed Ijyb
   978 | D:3      | Killed Ijyb
   979 | D:3      | Reached skill level 1 in Throwing
  1022 | D:3      | Found an ancient bone altar of Kikubaaqudgha.
  1092 | D:3      | Reached skill level 1 in Armour
  1102 | D:3      | You fall into a shaft and drop 1 floor!
  1111 | D:4      | Noticed a steam dragon
  1206 | D:3      | Noticed a phantom
  1235 | D:3      | Reached * piety under Kikubaaqudgha
  1235 | D:3      | Received a gift from Kikubaaqudgha
  1236 | D:3      | Reached XP level 5. HP: 34/41 MP: 6/8
  1249 | D:3      | Killed a phantom
  1297 | D:3      | Reached skill level 1 in Evocations
  1414 | D:4      | Reached XP level 6. HP: 46/48 MP: 6/9
  1434 | D:4      | Learned a level 4 spell: Animate Dead
  1545 | D:5      | Entered Level 5 of the Dungeon
  1545 | D:5      | Noticed a troll
  1545 | D:5      | Found a runed translucent gate.
  1545 | D:5      | Found a runed translucent gate.
  1545 | D:5      | Found a runed translucent gate.
  1545 | D:5      | Found an opulent altar of Gozag.
  1546 | D:5      | Noticed SirLogeyBear's ghost (novice HOBe)
  1574 | D:4      | Found a hazy altar of Hepliaklqana.
  1777 | D:5      | Noticed a yak
  1951 | D:5      | Noticed Menkaure
  2106 | D:5      | Killed Menkaure
  2107 | D:5      | Reached skill level 5 in Necromancy
  2107 | D:5      | Reached XP level 7. HP: 53/54 MP: 10/10
  2147 | D:5      | Reached skill level 5 in Fighting
  2202 | D:5      | Found a basalt altar of Yredelemnul.
  2284 | D:6      | Found Jerrutom's Armour Emporium.
  2289 | D:6      | Reached ** piety under Kikubaaqudgha
  2296 | D:6      | Reached XP level 8. HP: 39/62 MP: 1/11
  2480 | D:6      | Reached skill level 6 in Necromancy
  2548 | D:5      | Noticed a wyvern
  2792 | D:6      | Reached XP level 9. HP: 46/69 MP: 5/13
  2856 | D:6      | Noticed Blork the orc
  2870 | D:6      | Killed Blork the orc
  2919 | D:6      | Reached *** piety under Kikubaaqudgha
  2919 | D:6      | Received a gift from Kikubaaqudgha
  2927 | D:6      | Learned a level 4 spell: Dispel Undead
  2972 | D:6      | Reached skill level 7 in Necromancy
  3198 | D:7      | Reached skill level 5 in Evocations
  3479 | D:8      | Found an ornate altar of the Wu Jian Council.
  3479 | D:8      | Found a broken altar of Ashenzari.
  3765 | D:8      | Reached skill level 8 in Necromancy
  3779 | D:8      | Identified the +6 morningstar "Hifimovu" {chaos, *Rage
                  | rElec Str+3}
  3786 | D:8      | Noticed a komodo dragon
  3818 | D:8      | Reached XP level 10. HP: 74/79 MP: 14/14
  3939 | D:9      | Noticed Erolcha
  3956 | D:8      | Killed a komodo dragon
  3957 | D:8      | Reached skill level 5 in Dodging
  4061 | D:9      | Reached skill level 5 in Armour
  4274 | D:9      | Reached **** piety under Kikubaaqudgha
  4581 | D:9      | Noticed a kobold demonologist
  4591 | D:9      | Killed a kobold demonologist
  4595 | D:9      | Found a shadowy altar of Dithmenos.
  4621 | D:10     | Entered Level 10 of the Dungeon
  4730 | D:10     | Noticed Maurice
  4794 | D:10     | Killed Maurice
  4795 | D:10     | Reached skill level 9 in Necromancy
  4862 | D:10     | Noticed a kobold demonologist
  4887 | D:11     | Noticed a centaur warrior
  4917 | D:10     | Noticed a soul eater
  4918 | D:10     | Killed a kobold demonologist
  4936 | D:10     | Learned a level 5 spell: Borgnjor's Vile Clutch
  4967 | D:10     | Reached XP level 11. HP: 87/87 MP: 13/17
  5003 | D:10     | Noticed a four-headed hydra
  5020 | D:10     | Killed a four-headed hydra
  5057 | D:10     | Identified 2 scrolls of acquirement
  5061 | D:10     | Acquired the +2 helmet of Fiarch {Regen+ Int+4 Dex+2}
  5276 | D:10     | Found a staircase to the Lair.
  5300 | Lair:1   | Entered Level 1 of the Lair of Beasts
  5323 | Lair:1   | Found a gate leading to a gauntlet.
  5336 | Lair:1   | Reached skill level 10 in Necromancy
  5338 | Gauntlet | Entered a Gauntlet
  5338 | Gauntlet | Found a transporter.
  5345 | Gauntlet | Noticed an oklob plant
  5348 | Gauntlet | Found a transporter.
  5349 | Gauntlet | Found a transporter.
  5350 | Gauntlet | Found a transporter.
  5358 | Gauntlet | Found a transporter.
  5360 | Gauntlet | Found a transporter.
  5361 | Gauntlet | Found a transporter.
  5367 | Gauntlet | Noticed a hell beast
  5370 | Gauntlet | Found a transporter.
  5372 | Gauntlet | Found a transporter.
  5373 | Gauntlet | Found a transporter.
  5375 | Gauntlet | Noticed a moth of wrath
  5381 | Gauntlet | Found a transporter.
  5384 | Gauntlet | Found a transporter.
  5385 | Gauntlet | Found a transporter.
  5387 | Gauntlet | Noticed a glowing orange brain
  5388 | Gauntlet | Noticed a cyan ugly thing
  5389 | Gauntlet | Noticed a brown ugly thing
  5393 | Gauntlet | Found a transporter.
  5393 | Gauntlet | Noticed a glowing orange brain
  5594 | Lair:1   | Noticed a five-headed hydra
  5603 | Lair:1   | Killed a five-headed hydra
  5709 | Lair:1   | Noticed Gastronok
  5724 | Lair:1   | Killed Gastronok
  5799 | Lair:2   | Noticed a catoblepas
  5902 | Lair:2   | Reached XP level 12. HP: 95/95 MP: 12/18
  5924 | Lair:2   | Found a staircase to the Snake Pit.
  6030 | Lair:2   | Killed a catoblepas
  6121 | Lair:2   | Reached ***** piety under Kikubaaqudgha
  6182 | Lair:2   | Reached skill level 11 in Necromancy
  6423 | Lair:3   | Noticed Josephine
  6438 | Lair:3   | Reached skill level 12 in Necromancy
  6447 | Lair:3   | Killed Josephine
  6570 | Lair:4   | Reached skill level 10 in Fighting
  6579 | Lair:4   | Noticed a six-headed hydra
  6588 | Lair:4   | Killed a six-headed hydra
  6589 | Lair:4   | Reached XP level 13. HP: 89/103 MP: 13/19
  6619 | Lair:4   | Noticed a seven-headed hydra
  6627 | Lair:4   | Killed a seven-headed hydra
  6910 | Lair:4   | Found a runed translucent door.
  6911 | Lair:4   | Found a viscous altar of Jiyva.
  6919 | Lair:4   | Found a staircase to the Slime Pits.
  7026 | Lair:4   | Identified the +3 shortbow of Arbitration {venom, rF++
                  | Int-3 SInv Stlth+}
  7058 | Lair:5   | Entered Level 5 of the Lair of Beasts
  7177 | Lair:5   | Noticed a seven-headed hydra
  7183 | Lair:5   | Killed a seven-headed hydra
  7209 | Lair:5   | Reached skill level 10 in Armour
  7209 | Lair:5   | Reached skill level 10 in Dodging
  7276 | Lair:5   | Noticed a catoblepas
  7288 | Lair:5   | Killed a catoblepas
  7425 | Lair:5   | Reached skill level 5 in Spellcasting
  7504 | Lair:5   | Reached XP level 14. HP: 95/110 MP: 13/23
  7532 | Lair:5   | Reached ****** piety under Kikubaaqudgha
  7999 | Lair:5   | Reached skill level 10 in Evocations
  8186 | Lair:2   | Noticed Fannar
  8194 | Lair:2   | Killed Fannar
  8230 | Lair:2   | Found a staircase to the Shoals.
  8235 | Shoals:1 | Entered Level 1 of the Shoals
  8526 | Shoals:1 | Reached XP level 15. HP: 98/120 MP: 16/24
  8669 | Shoals:1 | Noticed a kraken
  8692 | Shoals:1 | Killed a kraken
  8940 | Shoals:2 | Reached skill level 13 in Necromancy
  8960 | Shoals:2 | Acquired the +3 buckler of Chill Winds {rPois rF+}
  8995 | Shoals:2 | Reached skill level 1 in Shields
  9074 | Shoals:2 | Shot with an arrow by a satyr

Illustrated notes

Levels and vault maps discovered:
D:1:      lemuel_arrival_funnel, layout_basic, basic_ecumenical_altar,
          kennysheep_flooded_box
D:2:      layout_basic, serial_shops, shop, basic_altar, uniq_robin
D:3:      minmay_skewed_foursquare, layout_basic, kiku_gazebo_garden_becter,
          serial_glass, glass_columns_b, glass_columns_c, glass_columns_a,
          glass_columns_a, glass_columns_a, glass_columns_a,
          grunt_ministairs_10, uniq_ijyb, uniq_crazy_yiuf_cottage
D:4:      layout_cave_pools, overflow_temple_1_default,
          minmay_temple_entry_glass
D:5:      dreamdust_elfheim, layout_loops_cross, mainiacjoe_overflow_alcove_2,
          ebering_ghost_gozag, minivault_1, nzn_random_ring, uniq_menkaure
D:6:      layout_basic, dk_noncrumbling_3, nicolae_stop_n_shop_2,
          kennysheep_generic_room_5, uniq_blork_the_orc
D:7:      layout_basic, nicolae_specific_store
D:8:      minmay_general_purpose_star, layout_basic, bloody_trog,
          gammafunk_temple_overflow_wave
D:9:      layout_roguey, marbit_many_paths, minmay_misc_feat_plants,
          kennysheep_small_square, uniq_erolcha
D:10:     layout_irregular_city, david_lair_shrubbed, minmay_misc_feat_room,
          evilmike_minifort, uniq_maurice
D:11:     layout_loops_ring, orc_0_dummy
Lair:1:   layout_hall_layers, ebering_ghost_xom, gauntlet_entry_generic,
          uniq_gastronok
Lair:2:   layout_regular_city, elwin_shoals_entry_rooms,
          infiniplex_staircase_pool, uniq_fannar
Lair:3:   layout_concentric_octagons, serial_bayou_shore_b, grunt_megastairs_2,
          uniq_josephine, uniq_nessos
Lair:4:   layout_cellular_growth, slime_entry_2, minmay_lair_oklob_bushes,
          st_stairs_13
Lair:5:   hangedman_lair_in_review, layout_gridlike,
          hangedman_lair_caniforms_friends, serial_bayou_pond_b
Shoals:1: cheibrodos_shoals_oceanic_diplomacy, layout_shoals,
          nicolae_shoals_kraken_intersection
Shoals:2: layout_shoals, nicolae_shoals_goliath_grotto

Skill      XL: |  1  2  3  4  5  6  7  8  9 10 11 12 13 14 15 |
---------------+----------------------------------------------+-----
Fighting       | 1 2 3 4 5 6 7 8 9 10 12 | 12.0
Stealth        | 3 4 |  4.0
Throwing       | 1 |  1.0
Armour         | 1 2 3 5 7 8 10 12 | 12.0
Evocations     | 1 2 3 4 5 6 8 10 | 10.0
Dodging        | 3 4 5 7 8 10 11 12 | 12.0
Necromancy     | 5 6 8 9 10 12 13 | 13.1
Spellcasting   | 3 4 6 |  6.0
Earth Magic    | 2 |  2.0
Shields        | 1 |  1.6

Action                   |  1- 3 |  4- 6 |  7- 9 | 10-12 | 13-15 || total
-------------------------+-------+-------+-------+-------+-------++-------
Melee: Unarmed           |     5 |       |       |       |       ||     5
       Dagger            |    39 |    40 |       |       |       ||    79
       Punch             |     1 |     1 |     4 |     5 |     5 ||    16
       Spear             |       |    24 |    23 |       |       ||    47
       Short sword       |       |       |   194 |   220 |   120 ||   534
       Whip              |       |       |       |   203 |   231 ||   434
       Morningstar       |       |       |       |       |    52 ||    52
 Fire: Shortbow          |       |       |       |       |    15 ||    15
Throw: Dart              |       |       |     1 |     3 |     3 ||     7
 Cast: Necrotise         |    46 |    60 |    55 |    48 |    13 ||   222
       Vampiric Draining |       |     1 |    58 |    72 |   165 ||   296
       Animate Dead      |       |       |     4 |    16 |    11 ||    31
       Dispel Undead     |       |       |       |    18 |       ||    18
       Borgnjor's Vile C |       |       |       |       |    29 ||    29
Invok: Unearth Wretches  |       |       |       |     1 |     1 ||     2
Evoke: Wand              |       |    11 |     8 |       |     1 ||    20
  Use: Scroll            |       |       |     1 |    10 |     7 ||    18
 Stab: Sleeping          |     6 |     5 |       |     2 |     1 ||    14
       Distracted        |       |     1 |     1 |     4 |     7 ||    13
       Paralysed         |       |       |       |     1 |     1 ||     2
       Petrified         |       |       |       |     4 |     4 ||     8
Armor: Robe              |     7 |     7 |       |       |       ||    14
       Leather armour    |       |     3 |    90 |    35 |       ||   128
       Acid dragon scale |       |       |       |   134 |   276 ||   410
Dodge: Dodged            |    40 |    53 |   313 |   659 |  1124 ||  2189
Block: Buckler           |       |       |       |       |     4 ||     4
